 Seeded DCSS version 0.29-a0-356-g7bc237e783 (webtiles) character file.

Game seed: 13387057801375688922 (custom seed)

33 zeratav the Ruffian (level 3, -4/34 HPs)
             Began as a Naga Fighter on Apr 25, 2022.
             Slain by Terence
             ... wielding a +0 hand axe
              (6 damage)
             ... on level 2 of the Dungeon.
             The game lasted 00:01:48 (1239 turns).

zeratav the Ruffian (Naga Fighter)                  Turns: 1239, Time: 00:01:48

Health: -4/34      AC:  4    Str: 24    XL:     3   Next: 29%
Magic:  3/3        EV:  7    Int:  8    God:
Gold:   38         SH:  4    Dex: 10    Spells: 2/2 levels left

rFire   . . .      SeeInvis +     - Unarmed
rCold   . . .      Faith    +   b - +0 buckler
rNeg    . . .      Spirit   .   a - +0 scale mail
rPois   +          Reflect  .   (no helmet)
rElec   +          Harm     .   (no cloak)
rCorr   .          Rampage  .   (no gloves)
Will    .....                   (no barding)
Stlth   ..........              h - amulet of the Tick {Faith Contam rElec Str+4}
HPRegen 0.11/turn               (no ring)
MPRegen 0.08/turn               (no ring)

@: very slow
A: AC +1, large, see invisible, deformed body, poison resistance, slowness 2,
spit poison 1, naga tail 1
a: Spit Poison


You were on level 2 of the Dungeon.
You visited 1 branch of the dungeon, and saw 2 of its levels.

You collected 38 gold pieces.


Innate Abilities, Weirdness & Mutations

Your serpentine skin is tough. (AC +1)
You have supernaturally acute eyesight. (SInv)
Armour fits poorly on your strangely shaped body.
Your system is resistant to poisons. (rPois)
You cover ground very slowly.
You can spit poison.
You have a snake-like lower body.


   Skills:
 - Level 3.0 Fighting
 - Level 2.4 Armour
 - Level 2.4 Shields
 + Level 3.6 Unarmed Combat


You had 2 spell levels left.
You didn't know any spells.
Your spell library contained the following spells:

 Spells                   Type           Power      Damage    Failure   Level
 Sandblast                Erth           0%         2d4       80%         1
 Passwall                 Tmut/Erth      0%         N/A       90%         2
 Sublimation of Blood     Necr           0%         N/A       90%         2
 Wereblood                Tmut           0%         N/A       90%         2
 Stone Arrow              Conj/Erth      0%         3d7       99%         3
 Summon Hydra             Summ           0%         N/A       100%        7

Inventory:

Hand Weapons
 f - a +0 dagger {short}
   (You took it off a goblin on level 1 of the Dungeon)
 g - a +0 club {mace}
   (You took it off a goblin on level 1 of the Dungeon)
Armour
 a - a +0 scale mail (worn)
 b - a +0 buckler (worn)
 j - a +0 leather armour
   (You found it on level 1 of the Dungeon)
 m - a +0 barding of stealth
   (You found it on level 1 of the Dungeon)
Jewellery
 h - the amulet of the Tick (around neck) {Faith Contam rElec Str+4}
   (You acquired it on level 1 of the Dungeon)

   [amulet of faith]

   It allows you to gain divine favour quickly.
   Str:       It affects your strength (+4).
   rElec:     It insulates you from electricity.
   Contam:    It causes magical contamination when unequipped.
Scrolls
 d - 2 scrolls of teleportation {unknown}
 i - a scroll of enchant weapon {unknown}
 k - a scroll of enchant armour {unknown}
Potions
 c - a potion of might
 e - 2 potions of curing {unknown}
 l - a potion of heal wounds {unknown}
 n - a potion of attraction {unknown}

Dungeon Overview and Level Annotations

Branches:
Dungeon (2/15)

Altars:

Annotations:
D:2 Terence

##.#.# ##......###
###..#.# ###.#
##....##. ##.#.# .#
##...#.. #...# #
##.##.# ##..#
#.#..# #..# #.#..#
#..# #..# #..# #.@#
.#..# #@## .##..# .
#..######..#...#
#..##........##...#
#..........###..###
#........###...##
#.###........### #
##########


You could see Terence.


Message History

You start resting.
HP[+16]
Your hp is fully restored (34).
A hobgoblin comes into view.
You closely miss the hobgoblin. The hobgoblin hits you.
HP[-1]
You take 1 damage, and now have 33/34 hp.
You hit the hobgoblin but do no damage. The hobgoblin barely misses you.
You closely miss the hobgoblin. You block the hobgoblin's attack.
You punch the hobgoblin!
You kill the hobgoblin!
No target in view!
No target in view!
No target in view!
No target in view!
No target in view!
No target in view!
No target in view!
No target in view!
No target in view!
No target in view!
No target in view!
No target in view!
You now have 38 gold pieces (gained 12).
Terence the Incautious comes into view.
He is wielding a +0 hand axe.
HP[+1]
Your hp is fully restored (34).
Terence hits you with a +0 hand axe.
HP[-1]
You take 1 damage, and now have 33/34 hp.
You hit Terence. Terence hits you with a +0 hand axe.
You closely miss Terence. Terence hits you but does no damage.
You barely miss Terence. Terence hits you with a +0 hand axe!
HP[-7]
You take 7 damage, and now have 26/34 hp.
MASSIVE DAMAGE!! (PAUSE)
You barely miss Terence. Terence hits you but does no damage.
You barely miss Terence. You block Terence's attack.
You hit Terence but do no damage. You block Terence's attack.
You hit Terence. Terence barely misses you.
You hit Terence. Terence barely misses you.
You completely miss Terence. Terence hits you with a +0 hand axe.
HP[-5]
You take 5 damage, and now have 21/34 hp.
You are too injured to fight recklessly!
You are too injured to fight recklessly!
You are too injured to fight recklessly!
You are too injured to fight recklessly!
You are too injured to fight recklessly!
You are too injured to fight recklessly!
You are too injured to fight recklessly!
You are too injured to fight recklessly!
You are too injured to fight recklessly!
You are too injured to fight recklessly!
You are too injured to fight recklessly!
You are too injured to fight recklessly!
You are too injured to fight recklessly!
You are too injured to fight recklessly!
You are too injured to fight recklessly!
You are too injured to fight recklessly!
You closely miss Terence. Terence hits you but does no damage.
HP[+1]
You closely miss Terence. Terence hits you with a +0 hand axe.
HP[-3]
You take 3 damage, and now have 19/34 hp.
You hit Terence. Terence hits you but does no damage.
You hit Terence but do no damage. Terence barely misses you.
You hit Terence but do no damage.
Terence bares his teeth.
Terence closely misses you.
You barely miss Terence. Terence barely misses you.
You hit Terence.
Terence shouts, "DIE!!!"
Terence hits you with a +0 hand axe.
* * * LOW HITPOINT WARNING * * *
HP[-3]
You take 3 damage, and now have 16/34 hp.
You barely miss Terence. Terence hits you with a +0 hand axe.
* * * LOW HITPOINT WARNING * * *
HP[-3]
You take 3 damage, and now have 13/34 hp.
You closely miss Terence. Terence hits you with a +0 hand axe.
* * * LOW HITPOINT WARNING * * *
HP[-3]
You take 3 damage, and now have 10/34 hp.
You hit Terence but do no damage. Terence hits you with a +0 hand axe.
* * * LOW HITPOINT WARNING * * *
HP[-5]
You take 5 damage, and now have 5/34 hp.
You hit Terence but do no damage. Terence hits you with a +0 hand axe.
* * * LOW HITPOINT WARNING * * *
HP[-2]
You take 2 damage, and now have 3/34 hp.
You barely miss Terence. Terence hits you with a +0 hand axe.
* * * LOW HITPOINT WARNING * * *
HP[-1]
You take 1 damage, and now have 2/34 hp.
You hit Terence. Terence hits you but does no damage.
You barely miss Terence. Terence hits you with a +0 hand axe.
You die...

Skill      XL: |  1  2 |
---------------+-------+-----
Unarmed Combat | 3 |  3.6
Fighting       | |  3.0
Armour         | |  2.4
Shields        | |  2.4

Action                   || total
-------------------------++-------
Melee: Unarmed           ||   110
  Use: Scroll            ||     1
Armor: Scale mail        ||    20
Dodge: Dodged            ||    30
Block: Buckler           ||    22

Levels and vault maps discovered:
D:1:      saegor_arrival_fortress, layout_rooms,
          shapermc_ecumenical_altar_acropolis, hangedman_decor_riveting
D:2:      layout_loops_corners, serial_rivers, chequers_serial_rivers_micro_a,
          chequers_serial_rivers_room_b, chequers_serial_rivers_large_b,
          chequers_serial_rivers_micro_b, minmay_randomly_rotated_circles,
          uniq_crazy_yiuf_cottage, uniq_terence, uniq_jessica

Notes
Turn   | Place    | Note
-------+----------+-------------------------------------------
     0 | D:1      | zeratav the Naga Fighter began the quest for the Orb.
     0 | D:1      | Reached XP level 1. HP: 21/21 MP: 1/1
     0 | D:1      | magus.rc [v1.9.6]
   127 | D:1      | Reached XP level 2. HP: 21/28 MP: 2/2
   139 | D:1      | Identified a scroll of acquirement
   139 | D:1      | Acquired the amulet of the Tick {Faith Contam rElec Str+4}
   360 | D:1      | Found a faded altar of an unknown god.
   403 | D:1      | Reached skill level 3 in Unarmed Combat
   705 | D:1      | You pick up a book of Blood and begin reading...
   705 | D:1      | You add the spells Sublimation of Blood, Wereblood and
                  | Summon Hydra to your library.
   847 | D:1      | You pick up a book of Geomancy and begin reading...
   847 | D:1      | You add the spells Sandblast, Passwall and Stone Arrow to
                  | your library.
  1019 | D:2      | Reached XP level 3. HP: 22/34 MP: 3/3
  1214 | D:2      | Noticed Terence
  1235 | D:2      | HP: 5/34 [Terence/+0 hand axe (6)]
  1237 | D:2      | HP: 2/34 [Terence/+0 hand axe (1)]
  1239 | D:2      | Slain by Terence

Vanquished Creatures
  An adder (D:2)
  2 ball pythons (D:1)
  5 endoplasms
  A giant cockroach (D:1)
  3 goblins (D:1)
  2 hobgoblins
  A quokka (D:2)
  4 frilled lizards (D:1)
  2 kobolds (D:1)
  3 rats (D:1)
24 creatures vanquished.

Table legend:
 A = Non-vault XP
 B = Vault XP
 C = Vault XP percentage of total XP
 D = Non-vault monster count
 E = Vault monster count
 F = Vault count percentage of total count
                 A         B        C        D         E       F
            +---------+---------+-------+---------+---------+-------
      Total |      48 |       0 |   0.0 |      24 |       0 |   0.0
            +---------+---------+-------+---------+---------+-------
        D:1 |      29 |       0 |   0.0 |      20 |       0 |   0.0
        D:2 |      19 |       0 |   0.0 |       4 |       0 |   0.0
            +---------+---------+-------+---------+---------+-------

Illustrated notes

Table legend:
 A = Kills in this place as a percentage of kills in entire the game.
 B = Kills by you in this place as a percentage of kills by you in the entire game.
 C = Kills by friends in this place as a percentage of kills by friends in the entire game.
 D = Other kills in this place as a percentage of other kills in the entire game.
 E = Experience gained in this place as a percentage of experience gained in the entire game.
 F = Experience gained in this place divided by the number of levels of this place that you have seen.
                   A       B       C       D       E      F
               +-------+-------+-------+-------+-------+----------------------
         Total | 100.0 | 100.0 |   N/A |   N/A | 100.0 |  24.0
       Dungeon | 100.0 | 100.0 |   N/A |   N/A | 100.0 |  24.0
               +-------+-------+-------+-------+-------+----------------------

Table legend: (Time is in decaauts)
 A = Elapsed time spent in this place.
 B = Non-inter-level travel time spent in this place.
 C = Inter-level travel time spent in this place.
 D = Time resting spent in this place.
 E = Time spent auto-exploring this place.
 F = Levels seen in this place.
 G = Mean time per level.
                   A        B        C        D        E       F      G
               +--------+--------+--------+--------+--------+-----+--------+
         Total |   1484 |   1467 |     17 |    257 |    965 |   2 |  742.0 |
       Dungeon |   1484 |   1467 |     17 |    257 |    965 |   2 |  742.0 |
               +--------+--------+--------+--------+--------+-----+--------+

Top non-repeatable levels by time:
     D:1: 1170 daAuts
     D:2: 314 daAuts
